AoeStats
← Aux Anschluss

Yucatan

510760290Analyzed
3v3 RM · 14h ago on Oct 2, 2026· 55m 22s· 6 players
Game mode
Random Map
Map size
Normal (6 player)
Population
200
Speed
Normal
Resources
Standard
Victory
Conquest
Starting age
Dark Age
Ending age
Imperial Age
RankedLock teamsTeams togetherTeam positionsShared explorationLock speedFull tech treeHidden civsTurbo modeCheats
Victory
Defeat
🇦🇹 Slavs · Austria
820
+39
🇦🇹 Persians · Austria
806
+15
🇦🇹 Italians · Austria
799
+16
🇹🇷 Magyars · Türkiye
823
-16
🇺🇸 Mongols · United States
786
-15
🇮🇹 Wei · Italy
775
-15
Velox_M_B
0:28 Loom
14:20 Feudal Age
16:04 Double-Bit Axe
19:55 Gold Mining
19:50 Horse Collar
23:39 Wheelbarrow
23:08 Stone Mining
29:07 Castle Age
29:22 Pikeman
30:48 Squires
30:56 Heavy Plow
bon sian son
1:37 Loom
1:56 Loom
13:48 Feudal Age
14:54 Horse Collar
15:00 Double-Bit Axe
19:43 Castle Age
22:29 Bow Saw
23:18 Pikeman
24:35 Corvinian Army
25:45 Heavy Plow
35:27 Imperial Age
34:16 Padded Archer Armor
35:18 Leather Archer Armor
34:36 Light Cavalry
35:18 Husbandry
36:39 Parthian Tactics
37:32 Chemistry
36:37 Recurve Bow
37:56 Wheelbarrow
38:13 Hoardings
37:32 Heavy Cavalry Archer
38:03 Halberdier
39:08 Caravan
39:52 Hand Cart
40:01 Ballistics
40:04 Town Watch
40:35 Bloodlines
41:03 Thumb Ring
41:32 Town Patrol
42:25 Ring Archer Armor
42:41 Capped Ram
44:11 Scale Barding Armor
43:44 Elite Magyar Huszar
45:27 Murder Holes
45:56 Crossbowman
Hazardus Chemikals
5:45 Loom
11:37 Feudal Age
15:09 Bloodlines
17:41 Wheelbarrow
17:54 Double-Bit Axe
18:40 Forging
18:37 Scale Barding Armor
19:56 Horse Collar
20:29 Town Watch
24:59 Castle Age
24:22 Stone Mining
24:22 Gold Mining
25:10 Light Cavalry
25:51 Husbandry
33:07 Imperial Age
32:08 Heavy Plow
32:25 Bow Saw
32:55 Fletching
33:06 Padded Archer Armor
32:59 Man-at-Arms
33:40 Squires
34:15 Conscription
35:36 Parthian Tactics
34:43 Long Swordsman
37:03 Bodkin Arrow
39:06 Thumb Ring
42:21 Drill
41:47 Capped Ram
43:04 Onager
43:39 Arson
44:33 Hand Cart
45:42 Two-Handed Swordsman
48:10 Heavy Camel Rider
48:51 Siege Ram
50:24 Nomads
51:03 Hoardings
50:15 Siege Ram
52:36 Gold Shaft Mining
51:30 Champion
54:14 Iron Casting
Chinese Trade Bot
6:17 Loom
8:37 Feudal Age
10:51 Double-Bit Axe
10:50 Horse Collar
15:44 Double-Bit Axe
16:12 Bloodlines
16:41 Scale Barding Armor
18:42 Forging
24:20 Castle Age
22:42 Gold Mining
22:47 Stone Mining
24:31 Wheelbarrow
26:20 Husbandry
27:18 Chain Barding Armor
31:00 Iron Casting
34:49 Hand Cart
34:41 Heavy Plow
34:53 Bow Saw
39:14 Imperial Age
39:57 Citadels
39:38 Cavalier
43:06 Plate Barding Armor
42:03 Savar
44:04 Fletching
45:00 Bodkin Arrow
50:46 Conscription
49:57 Sappers
51:49 Gold Shaft Mining
51:50 Stone Shaft Mining
52:19 Blast Furnace
54:01 Masonry
53:46 Murder Holes
Aux Anschluss
12:51 Feudal Age
25:20 Castle Age
29:59 Crossbowman
31:28 Thumb Ring
39:22 Imperial Age
39:47 Arbalester
52:27 Elite Genoese Crossbowman
jakuf2008
14:20 Feudal Age
15:13 Horse Collar
15:21 Double-Bit Axe
16:17 Wheelbarrow
17:56 Fishing Lines
18:45 Loom
24:13 Man-at-Arms
25:20 Gold Mining
27:13 Forging
36:05 Castle Age
37:01 Bow Saw
38:38 Pikeman
42:04 Long Swordsman
43:50 Squires
47:27 Gold Shaft Mining
46:47 Stone Mining
50:19 Heavy Plow
Connection lost

Rejoining the realm…

Still unreachable

The connection could not be restored.

Session expired

The server has moved on; the page needs a fresh start.